Minnesota North Stars vs Vancouver Canucks
Created - Thursday, September 12, 2024 at 09:09
Goals
|
| Minnesota North Stars |
0 |
1 |
1 |
2 |
| Vancouver Canucks |
1 |
2 |
2 |
5 |
|
Shots
|
| Minnesota North Stars |
12 |
6 |
13 |
31 |
| Vancouver Canucks |
11 |
12 |
8 |
31 |
|
1st period
1. Vancouver Canucks , Mikko Rantanen 12 (Aleksander Barkov 16) at 5:06
Penalties :
No Penalty
2nd period
2. Vancouver Canucks , Taylor Raddysh 5 (Robby Fabbri 6, Jesperi Kotkaniemi 4) at 2:25
3. Minnesota North Stars , Brock Nelson 7 (Yegor Sharangovich 3, Gustav Forsling 6) at 5:10
4. Vancouver Canucks , Clayton Keller 6 (Mikko Rantanen 13, Justin Schultz 4) at 7:30 (PP)
Penalties :
Evgeni Malkin (MNS) for Cross-checking (Minor) at 6:44, Neal Pionk (MNS) for High sticking (Minor) at 8:12, Dylan DeMelo (MNS) for Holding (Minor) at 18:58
3rd period
5. Minnesota North Stars , William Karlsson 12 (Frank Vatrano 10) at 6:46
6. Vancouver Canucks , Artturi Lehkonen 8 (Aleksander Barkov 17, Justin Schultz 5) at 13:59
7. Vancouver Canucks , Casey Mittelstadt 10 (Adam Boqvist 4, Jacob Bernard-Docker 4) at 18:46
Penalties :
Jesperi Kotkaniemi (VAN) for Goalie Interference (Minor) at 1:19, Casey Mittelstadt (VAN) for Interference (Minor) at 6:49
Goalie Stats
Stuart Skinner (MNS), 26 saves from 31 shots - (0.839), L, 5-5-2, 60:00 minutes
Justus Annunen (VAN), 29 saves from 31 shots - (0.935), W, 11-3-2, 60:00 minutes
Players Stats for Minnesota North Stars
Player Name G A P +/- PIM S H SB GA TA FO MP PP MP PK MP
------------------------------------------------------------------------------------
Brandon Montour 0 0 0 -2 0 1 2 1 0 0 0/0 19:03 2:03 0:00
Brock Nelson 1 0 1 0 0 3 2 0 0 0 1/1 14:25 0:00 0:00
Dylan DeMelo 0 0 0 0 2 1 0 0 0 0 0/0 18:10 0:00 1:08
Evgeni Malkin 0 0 0 0 2 1 0 0 3 0 4/8 14:24 0:00 0:00
Frank Vatrano 0 1 1 -1 0 5 4 1 2 0 0/0 17:49 1:59 2:33
Gustav Forsling 0 1 1 0 0 4 1 1 0 0 0/0 21:36 1:55 2:25
Jack Hughes 0 0 0 -1 0 2 2 1 0 0 5/15 15:22 1:59 0:00
Jeff Skinner 0 0 0 0 0 1 1 0 3 0 1/1 11:30 1:59 0:00
Lawson Crouse 0 0 0 -1 0 1 3 0 0 0 1/1 15:43 0:00 1:57
Neal Pionk 0 0 0 0 2 0 2 0 0 1 0/0 20:39 2:03 1:14
Rasmus Dahlin 0 0 0 0 0 0 1 0 0 1 0/0 20:53 1:55 1:42
Ryan Nugent-Hopkins 0 0 0 -1 0 0 1 1 1 0 2/5 16:09 0:00 2:33
Samuel Girard 0 0 0 -2 0 1 3 0 0 1 0/0 20:00 0:00 2:59
Valeri Nichushkin 0 0 0 -1 0 1 1 1 1 1 0/0 14:15 0:00 0:14
Viktor Arvidsson 0 0 0 0 0 3 0 1 0 0 0/0 11:24 1:59 0:00
William Eklund 0 0 0 0 0 0 0 0 0 1 0/1 11:30 1:59 0:00
William Karlsson 1 0 1 -1 0 6 0 1 1 1 8/18 17:23 1:59 1:57
Yegor Sharangovich 0 1 1 0 0 1 1 0 0 0 0/2 14:58 0:00 0:14
Players Stats for Vancouver Canucks
Player Name G A P +/- PIM S H SB GA TA FO MP PP MP PK MP
------------------------------------------------------------------------------------
Adam Boqvist 0 1 1 3 0 0 2 0 0 0 0/0 18:55 2:27 1:45
Aleksander Barkov 0 2 2 0 0 4 2 1 1 1 12/17 19:04 2:29 1:57
Anton Lundell 0 0 0 1 0 0 1 1 0 0 1/1 13:51 0:00 0:00
Artturi Lehkonen 1 0 1 1 0 5 0 2 1 1 0/1 18:21 2:15 1:57
Casey Mittelstadt 1 0 1 1 2 4 2 0 0 2 12/24 16:08 2:15 0:12
Clayton Keller 1 0 1 0 0 3 0 0 0 1 1/1 12:37 2:29 0:00
Jacob Bernard-Docker 0 1 1 3 0 0 0 4 0 1 0/0 14:15 0:00 0:00
Jake Bean 0 0 0 1 0 0 1 1 0 2 0/0 16:32 0:00 0:00
Jesperi Kotkaniemi 0 1 1 1 2 0 3 1 0 0 1/2 13:23 0:00 0:00
Jesse Ylonen 0 0 0 0 0 0 1 1 0 0 0/0 14:09 0:00 0:00
Justin Schultz 0 2 2 1 0 2 5 0 1 0 0/0 21:45 2:27 1:45
Kasperi Kapanen 0 0 0 0 0 0 0 0 0 0 0/0 10:05 0:00 0:00
Mikko Rantanen 1 1 2 0 0 3 1 1 2 0 2/2 18:42 2:29 2:01
Miro Heiskanen 0 0 0 -2 0 2 2 1 0 1 0/0 24:33 2:17 2:13
Nathan Smith 0 0 0 0 0 0 0 0 0 0 1/3 10:05 0:00 0:00
Noah Hanifin 0 0 0 -2 0 2 1 4 1 2 0/0 24:00 2:17 2:13
Robby Fabbri 0 1 1 1 0 2 2 0 0 0 0/0 12:52 0:00 0:00
Taylor Raddysh 1 0 1 1 0 4 3 0 0 0 0/1 16:43 2:15 1:49
3 Stars
1 - Justin Schultz (VAN)
2 - Mikko Rantanen (VAN)
3 - Taylor Raddysh (VAN)
Power Play
Minnesota North Stars - 0 on 2 Attempt(s) - 0.00%
Vancouver Canucks - 1 on 3 Attempt(s) - 33.33%
Penalty Kill
Minnesota North Stars - 2 on 3 Attempt(s) - 66.67%
- Score 0 goal in Penalty Kill
Vancouver Canucks - 2 on 2 Attempt(s) - 100.00%
- Score 0 goal in Penalty Kill
Team Stat
Minnesota North Stars - Hits : 24 - Faceoff Wins : 22 - Blocked Shots : 8 - Penalty Minutes : 6
Vancouver Canucks - Hits : 26 - Faceoff Wins : 30 - Blocked Shots : 17 - Penalty Minutes : 4
Official
Referees : Graham Skilliter and Morgan Macphee
Linesman : Brandon Gawryletz and Jesse Marquis
Game Notes
No Game Note
Finance
Level 1 -- Attendance: 5066 (84.43%) -- Ticket Income $501,534
Level 2 -- Attendance: 3880 (77.60%) -- Ticket Income $228,920
Level 3 -- Attendance: 2245 (74.83%) -- Ticket Income $76,330
Level 4 -- Attendance: 3951 (79.02%) -- Ticket Income $94,824
Luxury Box -- Attendance: 763 (76.30%) -- Ticket Income $151,837
Game was played at the Rogers Arena.
Total Attendance: 15905 (79.53%)
Total Ticket Income: $1,053,445
Other Income: $368,706
Total Income: $1,422,151
Minnesota North Stars
5 vs 5 Forward
Center Left Wing Right Wing Time % Phy DF OF
1 Jack Hughes Valeri Nichushkin Lawson Crouse 29 1 2 2
2 William Karlsson Ryan Nugent-Hopkins Frank Vatrano 28 1 2 2
3 Evgeni Malkin Brock Nelson Yegor Sharangovich 28 1 2 2
4 William Eklund Viktor Arvidsson Jeff Skinner 15 1 2 2
5 vs 5 Defense
Defense Defense Time % Phy DF OF
1 Rasmus Dahlin Neal Pionk 34 1 2 2
2 Gustav Forsling Dylan DeMelo 33 1 2 2
3 Brandon Montour Samuel Girard 33 1 2 2
4 Rasmus Dahlin Gustav Forsling 0 1 2 2
PowerPlay Forward
Center Left Wing Right Wing Time % Phy DF OF
1 Jack Hughes Viktor Arvidsson Frank Vatrano 50 1 2 2
2 William Karlsson William Eklund Jeff Skinner 50 1 2 2
PowerPlay Defense
Defense Defense Time % Phy DF OF
1 Rasmus Dahlin Gustav Forsling 50 1 2 2
2 Neal Pionk Brandon Montour 50 1 2 2
Penalty Kill 4 Players Forward
Center Wing Time % Phy DF OF
1 William Karlsson Lawson Crouse 50 1 2 2
2 Ryan Nugent-Hopkins Frank Vatrano 50 1 2 2
Penalty Kill 4 Players Defense
Defense Defense Time % Phy DF OF
1 Dylan DeMelo Gustav Forsling 50 1 2 2
2 Neal Pionk Samuel Girard 50 1 2 2
Penalty Kill - 3 Players Forward
Forward Time % Phy DF OF
1 Ryan Nugent-Hopkins 50 1 3 1
2 William Karlsson 50 1 3 1
Penalty Kill - 3 Players Defense
Defense Defense Time % Phy DF OF
1 Rasmus Dahlin Gustav Forsling 50 1 3 1
2 Neal Pionk Brandon Montour 50 1 3 1
4 vs 4 Forward
Center Wing Time % Phy DF OF
1 Jack Hughes Valeri Nichushkin 50 1 2 2
2 William Karlsson Lawson Crouse 50 1 2 2
4 vs 4 Defense
Defense Defense Time % Phy DF OF
1 Dylan DeMelo Gustav Forsling 50 1 2 2
2 Neal Pionk Samuel Girard 50 1 2 2
Last Minutes Offensive
Center Left Wing Right Wing Defense Defense
William Karlsson Valeri Nichushkin Frank Vatrano Rasmus Dahlin Gustav Forsling
Last Minutes Defensive
Center Left Wing Right Wing Defense Defense
William Karlsson Valeri Nichushkin Frank Vatrano Rasmus Dahlin Gustav Forsling
Goaltenders
Starting : Stuart Skinner
Backup : Charlie Lindgren
Extra Forwards
Normal : William Eklund, Ryan Nugent-Hopkins, Yegor Sharangovich - PP : William Eklund, Ryan Nugent-Hopkins - PK : Yegor Sharangovich
Extra Defensemen
Normal : Dylan DeMelo, Samuel Girard, Neal Pionk - PP : Dylan DeMelo - PK : Samuel Girard, Neal Pionk
Penalty Shots
Valeri Nichushkin, William Karlsson, Evgeni Malkin, Jack Hughes, Brock Nelson
Scratches
Santtu Kinnunen (Healthy), Eeli Tolvanen (Healthy), Evan Rodrigues (Healthy), Roni Hirvonen (Healthy), Oskari Salminen (Healthy)
Vancouver Canucks
5 vs 5 Forward
Center Left Wing Right Wing Time % Phy DF OF
1 Casey Mittelstadt Anton Lundell Artturi Lehkonen 30 1 2 2
2 Aleksander Barkov Jesse Ylonen Mikko Rantanen 30 1 2 2
3 Jesperi Kotkaniemi Robby Fabbri Taylor Raddysh 25 1 2 2
4 Nathan Smith Kasperi Kapanen Clayton Keller 15 1 2 2
5 vs 5 Defense
Defense Defense Time % Phy DF OF
1 Noah Hanifin Miro Heiskanen 30 1 2 2
2 Justin Schultz Jake Bean 30 1 2 2
3 Jacob Bernard-Docker Adam Boqvist 25 1 2 2
4 Noah Hanifin Miro Heiskanen 15 1 2 2
PowerPlay Forward
Center Left Wing Right Wing Time % Phy DF OF
1 Aleksander Barkov Clayton Keller Mikko Rantanen 50 1 2 2
2 Casey Mittelstadt Artturi Lehkonen Taylor Raddysh 50 1 2 2
PowerPlay Defense
Defense Defense Time % Phy DF OF
1 Noah Hanifin Miro Heiskanen 50 1 2 2
2 Adam Boqvist Justin Schultz 50 1 2 2
Penalty Kill 4 Players Forward
Center Wing Time % Phy DF OF
1 Aleksander Barkov Artturi Lehkonen 50 1 2 2
2 Mikko Rantanen Taylor Raddysh 50 1 2 2
Penalty Kill 4 Players Defense
Defense Defense Time % Phy DF OF
1 Noah Hanifin Miro Heiskanen 50 1 2 2
2 Justin Schultz Adam Boqvist 50 1 2 2
Penalty Kill - 3 Players Forward
Forward Time % Phy DF OF
1 Aleksander Barkov 50 1 2 2
2 Artturi Lehkonen 50 1 2 2
Penalty Kill - 3 Players Defense
Defense Defense Time % Phy DF OF
1 Noah Hanifin Miro Heiskanen 50 1 2 2
2 Jake Bean Adam Boqvist 50 1 2 2
4 vs 4 Forward
Center Wing Time % Phy DF OF
1 Casey Mittelstadt Mikko Rantanen 50 1 2 2
2 Aleksander Barkov Artturi Lehkonen 50 1 2 2
4 vs 4 Defense
Defense Defense Time % Phy DF OF
1 Noah Hanifin Miro Heiskanen 50 1 2 2
2 Justin Schultz Adam Boqvist 50 1 2 2
Last Minutes Offensive
Center Left Wing Right Wing Defense Defense
Aleksander Barkov Clayton Keller Mikko Rantanen Noah Hanifin Miro Heiskanen
Last Minutes Defensive
Center Left Wing Right Wing Defense Defense
Aleksander Barkov Clayton Keller Mikko Rantanen Noah Hanifin Miro Heiskanen
Goaltenders
Starting : Justus Annunen
Backup : Joonas Korpisalo
Extra Forwards
Normal : Aleksander Barkov, Anton Lundell, Mikko Rantanen - PP : Aleksander Barkov, Anton Lundell - PK : Aleksander Barkov
Extra Defensemen
Normal : Miro Heiskanen, Noah Hanifin, Adam Boqvist - PP : Noah Hanifin - PK : Miro Heiskanen, Noah Hanifin
Penalty Shots
Aleksander Barkov, Mikko Rantanen, Anton Lundell, Artturi Lehkonen, Casey Mittelstadt
Scratches
Ty Dellandrea (Healthy), Jacob Bryson (Healthy), Oskar Back (Healthy), Ville Husso (Healthy)
% Time on Ice - Minnesota North Stars
Lines # - Real PCT - Wanted PCT - Time Play
Normal Forward
1 - 27% - 29% - 14:05
2 - 26% - 28% - 13:23
3 - 28% - 28% - 14:25
4 - 18% - 15% - 9:25
Normal Defense
1 - 35% - 34% - 18:04
2 - 33% - 33% - 16:43
3 - 32% - 33% - 16:20
4 - 0% - 0% - 0:11
PP Forward
1 - 50% - 50% - 1:59
2 - 50% - 50% - 1:59
PP Defense
1 - 48% - 50% - 1:55
2 - 52% - 50% - 2:03
PK Forward
1 - 46% - 50% - 2:11
2 - 54% - 50% - 2:33
PK Defense
1 - 54% - 50% - 2:34
2 - 46% - 50% - 2:10
PK3 Forward
1 - 0% - 50%
2 - 0% - 50%
PK3 Defense
1 - 0% - 50%
2 - 0% - 50%
44 Forward
1 - 0% - 50%
2 - 0% - 50%
44 Defense
1 - 0% - 50%
2 - 0% - 50%
Last Minute Offensive - 0:00
Last Minute Defensive - 0:00
Total
Forward - 60:00
Defense - 60:00
|
% Time on Ice - Vancouver Canucks
Lines # - Real PCT - Wanted PCT - Time Play
Normal Forward
1 - 27% - 30% - 14:06
2 - 28% - 30% - 14:15
3 - 25% - 25% - 12:52
4 - 20% - 15% - 10:05
Normal Defense
1 - 27% - 30% - 14:02
2 - 34% - 30% - 17:33
3 - 28% - 25% - 14:15
4 - 11% - 15% - 5:28
PP Forward
1 - 52% - 50% - 2:29
2 - 48% - 50% - 2:15
PP Defense
1 - 48% - 50% - 2:17
2 - 52% - 50% - 2:27
PK Forward
1 - 49% - 50% - 1:57
2 - 51% - 50% - 2:01
PK Defense
1 - 56% - 50% - 2:13
2 - 44% - 50% - 1:45
PK3 Forward
1 - 0% - 50%
2 - 0% - 50%
PK3 Defense
1 - 0% - 50%
2 - 0% - 50%
44 Forward
1 - 0% - 50%
2 - 0% - 50%
44 Defense
1 - 0% - 50%
2 - 0% - 50%
Last Minute Offensive - 0:00
Last Minute Defensive - 0:00
Total
Forward - 60:00
Defense - 60:00
|
Play-by-Play
1st period
0:01 of 1st period - Casey Mittelstadt wins face-off versus Jack Hughes in neutral zone.
0:08 of 1st period - Slapshot by Casey Mittelstadt.
0:08 of 1st period - Shot Misses the Net.
0:10 of 1st period - Slapshot by Noah Hanifin.
0:10 of 1st period - Stopped by Stuart Skinner with a rebound.
0:12 of 1st period - Wrist shot by Noah Hanifin.
0:12 of 1st period - Deflect By Artturi Lehkonen.
0:12 of 1st period - Shot Misses the Net.
0:12 of 1st period - Puck is out of play.
0:13 of 1st period - Mikko Rantanen wins face-off versus William Karlsson in Minnesota North Stars zone.
0:14 of 1st period - Wrist shot by Aleksander Barkov.
0:14 of 1st period - Deflect By Mikko Rantanen.
0:14 of 1st period - Shot Blocked by Ryan Nugent-Hopkins.
0:14 of 1st period - Puck is out of play.
0:15 of 1st period - Aleksander Barkov wins face-off versus William Karlsson in Minnesota North Stars zone.
0:28 of 1st period - Wrist shot by William Karlsson.
0:28 of 1st period - Shot Misses the Net.
0:30 of 1st period - Slapshot by Gustav Forsling.
0:30 of 1st period - Deflect By Ryan Nugent-Hopkins.
0:30 of 1st period - Shot Misses the Net.
0:30 of 1st period - Puck is out of play.
0:31 of 1st period - Evgeni Malkin wins face-off versus Jesperi Kotkaniemi in Vancouver Canucks zone.
0:40 of 1st period - Brandon Montour is hit by Taylor Raddysh and loses puck.
0:57 of 1st period - Jacob Bernard-Docker is hit by Valeri Nichushkin and loses puck.
1:22 of 1st period - Rasmus Dahlin is hit by Anton Lundell and loses puck.
2:10 of 1st period - Slapshot by Robby Fabbri.
2:10 of 1st period - Stopped by Stuart Skinner without a rebound.
2:11 of 1st period - Lawson Crouse wins face-off versus Casey Mittelstadt in Minnesota North Stars zone.
3:28 of 1st period - Justin Schultz is hit by Jack Hughes and loses puck.
5:00 of 1st period - Snap shot by Artturi Lehkonen.
5:00 of 1st period - Stopped by Stuart Skinner without a rebound.
5:01 of 1st period - Aleksander Barkov wins face-off versus Ryan Nugent-Hopkins in Minnesota North Stars zone.
5:06 of 1st period - Wrist shot by Mikko Rantanen.
5:06 of 1st period - Goal by Mikko Rantanen - Minnesota North Stars : 0 - Vancouver Canucks : 1.
5:07 of 1st period - Anton Lundell wins face-off versus Jack Hughes in neutral zone.
5:18 of 1st period - Wrist shot by Valeri Nichushkin.
5:18 of 1st period - Shot Blocked by Anton Lundell.
5:20 of 1st period - Slapshot by Gustav Forsling.
5:20 of 1st period - Shot Hit the Post.
5:22 of 1st period - Wrist shot by Lawson Crouse.
5:22 of 1st period - Stopped by Justus Annunen without a rebound.
5:23 of 1st period - William Karlsson wins face-off versus Aleksander Barkov in Vancouver Canucks zone.
5:30 of 1st period - Snap shot by Frank Vatrano.
5:30 of 1st period - Shot Misses the Net.
5:38 of 1st period - Snap shot by Aleksander Barkov.
5:38 of 1st period - Shot Misses the Net.
5:53 of 1st period - Taylor Raddysh is hit by Frank Vatrano and loses puck.
6:00 of 1st period - Wrist shot by Frank Vatrano.
6:00 of 1st period - Stopped by Justus Annunen with a rebound.
6:02 of 1st period - Snap shot by William Karlsson.
6:02 of 1st period - Shot Blocked by Noah Hanifin.
6:04 of 1st period - Slapshot by Gustav Forsling.
6:04 of 1st period - Stopped by Justus Annunen with a rebound.
6:06 of 1st period - Slapshot by Dylan DeMelo.
6:06 of 1st period - Stopped by Justus Annunen with a rebound.
6:08 of 1st period - Snap shot by Frank Vatrano.
6:08 of 1st period - Shot Blocked by Noah Hanifin.
6:10 of 1st period - Slapshot by Frank Vatrano.
6:10 of 1st period - Shot Misses the Net.
6:12 of 1st period - Snap shot by William Karlsson.
6:12 of 1st period - Shot Blocked by Miro Heiskanen.
6:14 of 1st period - Wrist shot by William Karlsson.
6:14 of 1st period - Stopped by Justus Annunen without a rebound.
6:15 of 1st period - Casey Mittelstadt wins face-off versus Yegor Sharangovich in Vancouver Canucks zone.
6:30 of 1st period - Snap shot by Casey Mittelstadt.
6:30 of 1st period - Stopped by Stuart Skinner with a rebound.
6:40 of 1st period - Samuel Girard is hit by Jake Bean and loses puck.
6:45 of 1st period - Snap shot by Mikko Rantanen.
6:45 of 1st period - Stopped by Stuart Skinner with a rebound.
6:47 of 1st period - Wrist shot by Aleksander Barkov.
6:47 of 1st period - Stopped by Stuart Skinner without a rebound.
6:48 of 1st period - Jack Hughes wins face-off versus Nathan Smith in Minnesota North Stars zone.
7:46 of 1st period - Backhand shot by William Karlsson.
7:46 of 1st period - Stopped by Justus Annunen without a rebound.
7:47 of 1st period - Jesperi Kotkaniemi wins face-off versus Jack Hughes in Vancouver Canucks zone.
7:58 of 1st period - Slapshot by Robby Fabbri.
7:58 of 1st period - Deflect By Valeri Nichushkin.
7:58 of 1st period - Stopped by Stuart Skinner with a rebound.
8:00 of 1st period - Slapshot by Noah Hanifin.
8:00 of 1st period - Shot Misses the Net.
8:02 of 1st period - Slapshot by Miro Heiskanen.
8:02 of 1st period - Shot Hit the Post.
8:12 of 1st period - Clayton Keller is hit by Neal Pionk and loses puck.
8:51 of 1st period - Off-side.
8:52 of 1st period - Jack Hughes wins face-off versus Casey Mittelstadt in neutral zone.
9:24 of 1st period - Slapshot by Aleksander Barkov.
9:24 of 1st period - Stopped by Stuart Skinner with a rebound.
9:36 of 1st period - Dylan DeMelo is hit by Jesperi Kotkaniemi and loses puck.
9:41 of 1st period - Wrist shot by Jesperi Kotkaniemi.
9:41 of 1st period - Shot Misses the Net.
9:52 of 1st period - Off-side.
9:53 of 1st period - William Karlsson wins face-off versus Casey Mittelstadt in neutral zone.
10:47 of 1st period - Slapshot by Robby Fabbri.
10:47 of 1st period - Shot Misses the Net.
11:21 of 1st period - Snap shot by Frank Vatrano.
11:21 of 1st period - Stopped by Justus Annunen with a rebound.
11:23 of 1st period - Backhand shot by Ryan Nugent-Hopkins.
11:23 of 1st period - Shot Blocked by Artturi Lehkonen.
11:53 of 1st period - Miro Heiskanen is hit by Lawson Crouse.
12:11 of 1st period - Wrist shot by Jeff Skinner.
12:11 of 1st period - Shot Misses the Net.
12:46 of 1st period - Casey Mittelstadt is hit by Ryan Nugent-Hopkins and loses puck.
13:15 of 1st period - Backhand shot by Valeri Nichushkin.
13:15 of 1st period - Shot Misses the Net.
13:21 of 1st period - Aleksander Barkov is hit by Lawson Crouse and loses puck.
13:37 of 1st period - Icing by Aleksander Barkov.
13:38 of 1st period - Aleksander Barkov wins face-off versus William Karlsson in Vancouver Canucks zone.
14:11 of 1st period - Backhand shot by Aleksander Barkov.
14:11 of 1st period - Stopped by Stuart Skinner without a rebound.
14:12 of 1st period - Casey Mittelstadt wins face-off versus Jack Hughes in Minnesota North Stars zone.
14:27 of 1st period - Slapshot by Casey Mittelstadt.
14:27 of 1st period - Shot Blocked by Gustav Forsling.
14:49 of 1st period - Wrist shot by Frank Vatrano.
14:49 of 1st period - Stopped by Justus Annunen with a rebound.
15:04 of 1st period - Off-side.
15:05 of 1st period - Brock Nelson wins face-off versus Nathan Smith in neutral zone.
15:10 of 1st period - Wrist shot by Evgeni Malkin.
15:10 of 1st period - Shot Blocked by Noah Hanifin.
15:36 of 1st period - Snap shot by Frank Vatrano.
15:36 of 1st period - Stopped by Justus Annunen without a rebound.
15:37 of 1st period - Jack Hughes wins face-off versus Casey Mittelstadt in Vancouver Canucks zone.
15:52 of 1st period - Snap shot by Artturi Lehkonen.
15:52 of 1st period - Stopped by Stuart Skinner with a rebound.
16:25 of 1st period - Wrist shot by Viktor Arvidsson.
16:25 of 1st period - Stopped by Justus Annunen with a rebound.
16:31 of 1st period - Snap shot by Jeff Skinner.
16:31 of 1st period - Stopped by Justus Annunen with a rebound.
16:33 of 1st period - Slapshot by Samuel Girard.
16:33 of 1st period - Stopped by Justus Annunen with a rebound.
16:35 of 1st period - Wrist shot by William Eklund.
16:35 of 1st period - Shot Misses the Net.
16:37 of 1st period - Snap shot by William Eklund.
16:37 of 1st period - Shot Blocked by Jesse Ylonen.
17:16 of 1st period - Slapshot by Jake Bean.
17:16 of 1st period - Shot Blocked by Valeri Nichushkin.
17:40 of 1st period - Snap shot by Brock Nelson.
17:40 of 1st period - Shot Blocked by Jacob Bernard-Docker.
17:50 of 1st period - Rasmus Dahlin is hit by Adam Boqvist and loses puck.
18:14 of 1st period - Frank Vatrano is hit by Justin Schultz and loses puck.
19:18 of 1st period - Noah Hanifin is hit by Jeff Skinner.
19:59 of 1st period - Brandon Montour is hit by Taylor Raddysh and loses puck.
Goals for this period are 0 for Minnesota North Stars vs 1 for Vancouver Canucks.
Shots for this period are 12 for Minnesota North Stars vs 11 for Vancouver Canucks.
2nd period
0:01 of 2nd period - Casey Mittelstadt wins face-off versus Jack Hughes in neutral zone.
0:27 of 2nd period - Brandon Montour is hit by Jesperi Kotkaniemi.
0:35 of 2nd period - Taylor Raddysh is hit by Brock Nelson and loses puck.
0:56 of 2nd period - Slapshot by Mikko Rantanen.
0:56 of 2nd period - Stopped by Stuart Skinner with a rebound.
2:07 of 2nd period - Snap shot by Casey Mittelstadt.
2:07 of 2nd period - Shot Misses the Net.
2:09 of 2nd period - Slapshot by Artturi Lehkonen.
2:09 of 2nd period - Stopped by Stuart Skinner with a rebound.
2:11 of 2nd period - Slapshot by Justin Schultz.
2:11 of 2nd period - Stopped by Stuart Skinner with a rebound.
2:21 of 2nd period - Snap shot by Robby Fabbri.
2:21 of 2nd period - Shot Misses the Net.
2:23 of 2nd period - Wrist shot by Taylor Raddysh.
2:23 of 2nd period - Stopped by Stuart Skinner with a rebound.
2:25 of 2nd period - Wrist shot by Taylor Raddysh.
2:25 of 2nd period - Goal by Taylor Raddysh - Minnesota North Stars : 0 - Vancouver Canucks : 2.
2:26 of 2nd period - Jack Hughes wins face-off versus Aleksander Barkov in neutral zone.
2:29 of 2nd period - Mikko Rantanen is hit by Neal Pionk and loses puck.
2:52 of 2nd period - Valeri Nichushkin is hit by Robby Fabbri and loses puck.
3:11 of 2nd period - Snap shot by Jack Hughes.
3:11 of 2nd period - Stopped by Justus Annunen with a rebound.
3:13 of 2nd period - Slapshot by Rasmus Dahlin.
3:13 of 2nd period - Shot Misses the Net.
3:35 of 2nd period - Wrist shot by Valeri Nichushkin.
3:35 of 2nd period - Stopped by Justus Annunen without a rebound.
3:36 of 2nd period - Evgeni Malkin wins face-off versus Casey Mittelstadt in Vancouver Canucks zone.
4:02 of 2nd period - William Karlsson is hit by Miro Heiskanen and loses puck.
4:53 of 2nd period - Wrist shot by Brock Nelson.
4:53 of 2nd period - Deflect By Evgeni Malkin.
4:53 of 2nd period - Shot Blocked by Jake Bean.
4:53 of 2nd period - Puck is out of play.
4:54 of 2nd period - Aleksander Barkov wins face-off versus Evgeni Malkin in Vancouver Canucks zone.
4:54 of 2nd period - Aleksander Barkov is hit by Gustav Forsling.
5:10 of 2nd period - Slapshot by Brock Nelson.
5:10 of 2nd period - Goal by Brock Nelson - Minnesota North Stars : 1 - Vancouver Canucks : 2.
5:11 of 2nd period - Evgeni Malkin wins face-off versus Casey Mittelstadt in neutral zone.
5:24 of 2nd period - Wrist shot by Brock Nelson.
5:24 of 2nd period - Stopped by Justus Annunen without a rebound.
5:25 of 2nd period - Aleksander Barkov wins face-off versus William Karlsson in Vancouver Canucks zone.
6:01 of 2nd period - Wrist shot by Taylor Raddysh.
6:01 of 2nd period - Stopped by Stuart Skinner without a rebound.
6:02 of 2nd period - Jack Hughes wins face-off versus Casey Mittelstadt in Minnesota North Stars zone.
6:44 of 2nd period - Minor Penalty to Evgeni Malkin for Cross-checking.
6:45 of 2nd period - Aleksander Barkov wins face-off versus William Karlsson in Minnesota North Stars zone.
6:46 of 2nd period - Snap shot by Clayton Keller.
6:46 of 2nd period - Shot Misses the Net.
6:48 of 2nd period - Snap shot by Clayton Keller.
6:48 of 2nd period - Shot Blocked by William Karlsson.
6:50 of 2nd period - Slapshot by Aleksander Barkov.
6:50 of 2nd period - Stopped by Stuart Skinner without a rebound.
6:51 of 2nd period - Aleksander Barkov wins face-off versus William Karlsson in Minnesota North Stars zone.
6:56 of 2nd period - Snap shot by Clayton Keller.
6:56 of 2nd period - Stopped by Stuart Skinner with a rebound.
6:58 of 2nd period - Slapshot by Noah Hanifin.
6:58 of 2nd period - Stopped by Stuart Skinner without a rebound.
6:59 of 2nd period - Ryan Nugent-Hopkins wins face-off versus Casey Mittelstadt in Minnesota North Stars zone.
7:30 of 2nd period - Snap shot by Clayton Keller.
7:30 of 2nd period - Goal by Clayton Keller - Minnesota North Stars : 1 - Vancouver Canucks : 3.
7:31 of 2nd period - William Karlsson wins face-off versus Casey Mittelstadt in neutral zone.
7:34 of 2nd period - Wrist shot by Frank Vatrano.
7:34 of 2nd period - Shot Blocked by Noah Hanifin.
7:56 of 2nd period - Jesperi Kotkaniemi is hit by Rasmus Dahlin and loses puck.
8:12 of 2nd period - Minor Penalty to Neal Pionk for High sticking.
8:13 of 2nd period - Ryan Nugent-Hopkins wins face-off versus Artturi Lehkonen in Minnesota North Stars zone.
8:55 of 2nd period - Slapshot by William Karlsson.
8:55 of 2nd period - Stopped by Justus Annunen with a rebound.
10:12 of 2nd period - Penalty to Neal Pionk is over, Neal Pionk is back on ice.
10:36 of 2nd period - Jeff Skinner is hit by Jesperi Kotkaniemi and loses puck.
11:09 of 2nd period - Jack Hughes is hit by Justin Schultz and loses puck.
11:44 of 2nd period - Wrist shot by Viktor Arvidsson.
11:44 of 2nd period - Stopped by Justus Annunen with a rebound.
11:46 of 2nd period - Snap shot by Brandon Montour.
11:46 of 2nd period - Shot Misses the Net.
12:48 of 2nd period - Slapshot by Miro Heiskanen.
12:48 of 2nd period - Shot Blocked by Viktor Arvidsson.
13:33 of 2nd period - Jack Hughes is hit by Casey Mittelstadt and loses puck.
13:46 of 2nd period - Aleksander Barkov is hit by Yegor Sharangovich and loses puck.
13:54 of 2nd period - Jesse Ylonen is hit by Samuel Girard and loses puck.
14:09 of 2nd period - Wrist shot by Viktor Arvidsson.
14:09 of 2nd period - Shot Misses the Net.
14:51 of 2nd period - Kasperi Kapanen is hit by Samuel Girard and loses puck.
14:58 of 2nd period - Evgeni Malkin is hit by Justin Schultz.
15:13 of 2nd period - Casey Mittelstadt is hit by Lawson Crouse and loses puck.
15:32 of 2nd period - Miro Heiskanen is hit by Samuel Girard and loses puck.
16:13 of 2nd period - Robby Fabbri is hit by Frank Vatrano and loses puck.
16:30 of 2nd period - Jesperi Kotkaniemi is hit by Brandon Montour and loses puck.
17:15 of 2nd period - Samuel Girard is hit by Jesse Ylonen and loses puck.
17:28 of 2nd period - Icing by Adam Boqvist.
17:29 of 2nd period - Clayton Keller wins face-off versus William Karlsson in Vancouver Canucks zone.
17:29 of 2nd period - Clayton Keller is hit by Frank Vatrano.
18:02 of 2nd period - Snap shot by Miro Heiskanen.
18:02 of 2nd period - Stopped by Stuart Skinner with a rebound.
18:04 of 2nd period - Slapshot by Clayton Keller.
18:04 of 2nd period - Stopped by Stuart Skinner without a rebound.
18:05 of 2nd period - Casey Mittelstadt wins face-off versus Yegor Sharangovich in Minnesota North Stars zone.
18:42 of 2nd period - Snap shot by Jack Hughes.
18:42 of 2nd period - Shot Misses the Net.
18:58 of 2nd period - Minor Penalty to Dylan DeMelo for Holding.
18:59 of 2nd period - Aleksander Barkov wins face-off versus Ryan Nugent-Hopkins in Minnesota North Stars zone.
Goals for this period are 1 for Minnesota North Stars vs 2 for Vancouver Canucks.
Shots for this period are 6 for Minnesota North Stars vs 12 for Vancouver Canucks.
3rd period
0:01 of 3rd period - Aleksander Barkov wins face-off versus Ryan Nugent-Hopkins in neutral zone.
0:04 of 3rd period - Samuel Girard is hit by Aleksander Barkov and loses puck.
0:27 of 3rd period - Snap shot by Casey Mittelstadt.
0:27 of 3rd period - Stopped by Stuart Skinner with a rebound.
0:29 of 3rd period - Snap shot by Taylor Raddysh.
0:29 of 3rd period - Stopped by Stuart Skinner with a rebound.
0:37 of 3rd period - Wrist shot by Artturi Lehkonen.
0:37 of 3rd period - Shot Blocked by Frank Vatrano.
0:58 of 3rd period - Penalty to Dylan DeMelo is over, Dylan DeMelo is back on ice.
1:13 of 3rd period - Wrist shot by Evgeni Malkin.
1:13 of 3rd period - Stopped by Justus Annunen with a rebound.
1:15 of 3rd period - Slapshot by Yegor Sharangovich.
1:15 of 3rd period - Stopped by Justus Annunen with a rebound.
1:17 of 3rd period - Slapshot by Yegor Sharangovich.
1:17 of 3rd period - Shot Blocked by Jesperi Kotkaniemi.
1:19 of 3rd period - Minor Penalty to Jesperi Kotkaniemi for Goalie Interference.
1:20 of 3rd period - William Karlsson wins face-off versus Aleksander Barkov in Vancouver Canucks zone.
1:31 of 3rd period - Snap shot by William Eklund.
1:31 of 3rd period - Shot Blocked by Aleksander Barkov.
3:12 of 3rd period - Casey Mittelstadt is hit by Jack Hughes and loses puck.
3:19 of 3rd period - Penalty to Jesperi Kotkaniemi is over, Jesperi Kotkaniemi is back on ice.
3:29 of 3rd period - Gustav Forsling is hit by Aleksander Barkov and loses puck.
4:28 of 3rd period - Justin Schultz is hit by Brandon Montour and loses puck.
5:21 of 3rd period - Snap shot by Casey Mittelstadt.
5:21 of 3rd period - Stopped by Stuart Skinner without a rebound.
5:22 of 3rd period - Casey Mittelstadt wins face-off versus Jack Hughes in Minnesota North Stars zone.
6:32 of 3rd period - Snap shot by Jack Hughes.
6:32 of 3rd period - Shot Blocked by Jacob Bernard-Docker.
6:34 of 3rd period - Snap shot by Jack Hughes.
6:34 of 3rd period - Shot Blocked by Mikko Rantanen.
6:36 of 3rd period - Slapshot by Brandon Montour.
6:36 of 3rd period - Shot Blocked by Jacob Bernard-Docker.
6:38 of 3rd period - Slapshot by Samuel Girard.
6:38 of 3rd period - Shot Blocked by Jacob Bernard-Docker.
6:40 of 3rd period - Wrist shot by Jack Hughes.
6:40 of 3rd period - Stopped by Justus Annunen with a rebound.
6:42 of 3rd period - Slapshot by Brandon Montour.
6:42 of 3rd period - Stopped by Justus Annunen without a rebound.
6:43 of 3rd period - William Karlsson wins face-off versus Casey Mittelstadt in Vancouver Canucks zone.
6:44 of 3rd period - Snap shot by Frank Vatrano.
6:44 of 3rd period - Shot Blocked by Artturi Lehkonen.
6:46 of 3rd period - Slapshot by William Karlsson.
6:46 of 3rd period - Goal by William Karlsson - Minnesota North Stars : 2 - Vancouver Canucks : 3.
6:47 of 3rd period - Casey Mittelstadt wins face-off versus William Karlsson in neutral zone.
6:49 of 3rd period - Minor Penalty to Casey Mittelstadt for Interference.
6:50 of 3rd period - Jeff Skinner wins face-off versus Aleksander Barkov in Vancouver Canucks zone.
6:52 of 3rd period - Wrist shot by William Karlsson.
6:52 of 3rd period - Stopped by Justus Annunen with a rebound.
7:16 of 3rd period - Brandon Montour is hit by Justin Schultz and loses puck.
7:51 of 3rd period - William Eklund is hit by Miro Heiskanen and loses puck.
8:14 of 3rd period - Frank Vatrano is hit by Justin Schultz and loses puck.
8:22 of 3rd period - Icing by Jack Hughes.
8:23 of 3rd period - Mikko Rantanen wins face-off versus Jack Hughes in Minnesota North Stars zone.
8:49 of 3rd period - Penalty to Casey Mittelstadt is over, Casey Mittelstadt is back on ice.
8:58 of 3rd period - Off-side.
8:59 of 3rd period - Nathan Smith wins face-off versus Evgeni Malkin in neutral zone.
9:04 of 3rd period - Snap shot by Justin Schultz.
9:04 of 3rd period - Shot Misses the Net.
9:26 of 3rd period - Jake Bean is hit by Brock Nelson and loses puck.
10:10 of 3rd period - Wrist shot by Brock Nelson.
10:10 of 3rd period - Stopped by Justus Annunen without a rebound.
10:11 of 3rd period - William Karlsson wins face-off versus Casey Mittelstadt in Vancouver Canucks zone.
10:22 of 3rd period - Ryan Nugent-Hopkins is hit by Casey Mittelstadt and loses puck.
10:44 of 3rd period - Wrist shot by Aleksander Barkov.
10:44 of 3rd period - Shot Misses the Net.
12:07 of 3rd period - Nathan Smith is hit by Frank Vatrano and loses puck.
12:34 of 3rd period - Wrist shot by Viktor Arvidsson.
12:34 of 3rd period - Stopped by Justus Annunen with a rebound.
12:49 of 3rd period - Off-side.
12:50 of 3rd period - Aleksander Barkov wins face-off versus Jack Hughes in neutral zone.
12:52 of 3rd period - Off-side.
12:53 of 3rd period - Casey Mittelstadt wins face-off versus Jack Hughes in neutral zone.
12:58 of 3rd period - Wrist shot by Casey Mittelstadt.
12:58 of 3rd period - Shot Misses the Net.
13:00 of 3rd period - Slapshot by Justin Schultz.
13:00 of 3rd period - Stopped by Stuart Skinner with a rebound.
13:02 of 3rd period - Snap shot by Anton Lundell.
13:02 of 3rd period - Shot Misses the Net.
13:04 of 3rd period - Slapshot by Jake Bean.
13:04 of 3rd period - Shot Blocked by Jack Hughes.
13:08 of 3rd period - Snap shot by Casey Mittelstadt.
13:08 of 3rd period - Shot Misses the Net.
13:27 of 3rd period - Icing by Jesse Ylonen.
13:28 of 3rd period - William Karlsson wins face-off versus Aleksander Barkov in Vancouver Canucks zone.
13:33 of 3rd period - Wrist shot by William Karlsson.
13:33 of 3rd period - Shot Misses the Net.
13:35 of 3rd period - Wrist shot by Ryan Nugent-Hopkins.
13:35 of 3rd period - Shot Misses the Net.
13:59 of 3rd period - Snap shot by Artturi Lehkonen.
13:59 of 3rd period - Goal by Artturi Lehkonen - Minnesota North Stars : 2 - Vancouver Canucks : 4.
14:00 of 3rd period - Casey Mittelstadt wins face-off versus William Karlsson in neutral zone.
14:37 of 3rd period - Samuel Girard is hit by Mikko Rantanen and loses puck.
14:58 of 3rd period - Slapshot by Jesperi Kotkaniemi.
14:58 of 3rd period - Shot Misses the Net.
15:00 of 3rd period - Slapshot by Noah Hanifin.
15:00 of 3rd period - Shot Misses the Net.
15:02 of 3rd period - Slapshot by Miro Heiskanen.
15:02 of 3rd period - Stopped by Stuart Skinner with a rebound.
15:32 of 3rd period - Off-side.
15:33 of 3rd period - William Karlsson wins face-off versus Casey Mittelstadt in neutral zone.
15:36 of 3rd period - Wrist shot by William Karlsson.
15:36 of 3rd period - Stopped by Justus Annunen with a rebound.
15:38 of 3rd period - Slapshot by Gustav Forsling.
15:38 of 3rd period - Stopped by Justus Annunen with a rebound.
15:40 of 3rd period - Slapshot by Gustav Forsling.
15:40 of 3rd period - Stopped by Justus Annunen with a rebound.
15:42 of 3rd period - Slapshot by Gustav Forsling.
15:42 of 3rd period - Stopped by Justus Annunen with a rebound.
15:44 of 3rd period - Wrist shot by William Karlsson.
15:44 of 3rd period - Shot Misses the Net.
15:48 of 3rd period - Snap shot by Frank Vatrano.
15:48 of 3rd period - Stopped by Justus Annunen with a rebound.
16:23 of 3rd period - Off-side.
16:24 of 3rd period - Aleksander Barkov wins face-off versus William Eklund in neutral zone.
16:27 of 3rd period - Jeff Skinner is hit by Noah Hanifin and loses puck.
16:35 of 3rd period - Off-side.
16:36 of 3rd period - Evgeni Malkin wins face-off versus Taylor Raddysh in neutral zone.
17:07 of 3rd period - Viktor Arvidsson is hit by Adam Boqvist and loses puck.
18:10 of 3rd period - Rasmus Dahlin is hit by Taylor Raddysh and loses puck.
18:27 of 3rd period - Backhand shot by Artturi Lehkonen.
18:27 of 3rd period - Stopped by Stuart Skinner without a rebound.
18:28 of 3rd period - Casey Mittelstadt wins face-off versus Evgeni Malkin in Minnesota North Stars zone.
18:36 of 3rd period - Icing by Brock Nelson.
18:37 of 3rd period - Casey Mittelstadt wins face-off versus Evgeni Malkin in Minnesota North Stars zone.
18:40 of 3rd period - Wrist shot by Artturi Lehkonen.
18:40 of 3rd period - Shot Misses the Net.
18:42 of 3rd period - Wrist shot by Jacob Bernard-Docker.
18:42 of 3rd period - Shot Misses the Net.
18:44 of 3rd period - Slapshot by Adam Boqvist.
18:44 of 3rd period - Shot Misses the Net.
18:46 of 3rd period - Slapshot by Casey Mittelstadt.
18:46 of 3rd period - Goal by Casey Mittelstadt - Minnesota North Stars : 2 - Vancouver Canucks : 5.
18:47 of 3rd period - Aleksander Barkov wins face-off versus Jack Hughes in neutral zone.
19:01 of 3rd period - Snap shot by Valeri Nichushkin.
19:01 of 3rd period - Deflect By Jack Hughes.
19:01 of 3rd period - Shot Misses the Net.
19:01 of 3rd period - Puck is out of play.
19:02 of 3rd period - Casey Mittelstadt wins face-off versus William Karlsson in Vancouver Canucks zone.
19:51 of 3rd period - Viktor Arvidsson is hit by Robby Fabbri and loses puck.
19:56 of 3rd period - Snap shot by Robby Fabbri.
19:56 of 3rd period - Shot Blocked by Brandon Montour.
Goals for this period are 1 for Minnesota North Stars vs 2 for Vancouver Canucks.
Shots for this period are 13 for Minnesota North Stars vs 8 for Vancouver Canucks.
Back to the Top